[Event "Titled Tuesday Blitz January 17 Early 2023"]
[White "Fathy, Elameir"]
[Black "Flis, Pawel"]
[WhiteFideId "10600396"]
[BlackFideId "1112864"]
[WhiteElo "2300"]
[BlackElo "1879"]
[Result "1-0"]
[Round "03"]
[TimeControl "180+2"]
[Date "2023.01.17"]
[WhiteClock "0:00:05"]
[BlackClock "0:00:01"]

1. d4 c5 2. d5 Nf6 3. c4 b5 4. cxb5 a6 5. bxa6 Bxa6 6. Nc3 g6 7. e4 Bxf1 8. Kxf1 d6 9. g3 Bg7 10. Kg2 O-O 11. Nf3 Nbd7 12. Qe2 Qa5 13. Bd2 Qa6 14. Qxa6 Rxa6 15. Rhe1 Rb8 16. b3 Ng4 17. h3 Nge5 18. Nxe5 Nxe5 19. Rab1 Nd3 20. Re3 Nb4 21. a4 Nc2 22. Rd3 Na3 23. Ra1 Rxb3 24. Rf3 Nc2 25. Ra2 Nd4 26. Re3 e5 27. Nd1 Rb1 28. Nc3 Rb3 29. Nd1 Rb1 30. Re1 Nb3 31. Bc3 Nc1 32. Rb2 Rxb2 33. Bxb2 Nd3 34. Re2 Rxa4 35. Kf3 Ra2 36. Bc3 Rxe2 37. Kxe2 Nb4 38. Bxb4 cxb4 39. Kd3 f5 40. f3 fxe4+ 41. fxe4 Bh6 42. Nb2 Kf7 43. Nc4 Ke7 44. Na5 Kd7 45. Nc6 Bc1 46. Nxb4 h5 47. Ke2 g5 48. Kf3 Bd2 49. Nd3 Kc7 50. Nf2 Kb6 51. g4 h4 52. Ke2 Bf4 53. Kd3 Kc5 54. Nd1 Bc1 55. Nc3 Bb2 56. Na4+ 1-0


[Site "https://www.chess.com"]

[Event "Titled Tuesday Blitz January 17 Early 2023"]
[White "Stead, Kerry"]
[Black "Bychkov, Vladimir"]
[WhiteFideId "3202577"]
[BlackFideId "24151513"]
[WhiteElo "1908"]
[BlackElo "2225"]
[Result "0-1"]
[Round "03"]
[TimeControl "180+2"]
[Date "2023.01.17"]
[WhiteClock "0:00:07"]
[BlackClock "0:00:50"]

1. d4 Nf6 2. f3 d5 3. e4 dxe4 4. Nc3 c5 5. Bb5+ Bd7 6. dxc5 e6 7. Be3 a6 8. Bxd7+ Nbxd7 9. b4 Ne5 10. Nxe4 Nxe4 11. Qxd8+ Rxd8 12. fxe4 Nc4 13. Bf4 e5 14. Bg5 f6 15. Bc1 b6 16. a4 bxc5 17. b5 axb5 18. axb5 Nd6 19. Rb1 Rb8 20. b6 Nc4 21. Nf3 Rxb6 22. Rxb6 Nxb6 23. O-O Be7 24. Rd1 Nc4 25. Kf2 Kf7 26. Be3 Ra8 27. Rd5 Nd6 28. Nd2 c4 29. Bc5 Nb7 30. Bxe7 Kxe7 31. Nxc4 Rc8 32. Ne3 Nd6 33. Kf3 Ke6 34. g4 Rc3 35. Rd3 Rc5 36. Nf5 Nxf5 37. gxf5+ Ke7 38. c3 g6 39. Kg4 Rc4 40. Re3 Kf7 41. h4 h5+ 42. Kg3 gxf5 43. exf5 Ke7 44. Kh3 Rf4 45. Rg3 Rxf5 46. Rg7+ Kd6 47. Kg3 Kd5 48. Rc7 Ke4 49. Rc4+ Ke3 50. Rc6 Rf3+ 51. Kg2 e4 52. c4 f5 53. c5 f4 54. Rg6 Rf2+ 55. Kg1 Rc2 56. c6 f3 57. Re6 f2+ 58. Kg2 Rc1 59. Rf6 Rg1+ 60. Kh2 f1=Q 61. Rxf1 Rxf1 62. c7 Rc1 0-1


[Site "https://www.chess.com"]

[Event "Titled Tuesday Blitz January 17 Early 2023"]
[White "Levitan, Caleb Levi"]
[Black "Aung Thant Zin"]
[WhiteFideId "14332620"]
[BlackFideId "13000063"]
[WhiteElo "2129"]
[BlackElo "2268"]
[Result "0-1"]
[Round "03"]
[TimeControl "180+2"]
[Date "2023.01.17"]
[WhiteClock "0:00:06"]
[BlackClock "0:00:39"]

1. e4 c5 2. Nf3 Nc6 3. Nc3 d6 4. d4 cxd4 5. Nxd4 Nf6 6. Bc4 Qb6 7. Nb3 e6 8. Be3 Qc7 9. Be2 Be7 10. O-O a6 11. a4 b6 12. f4 O-O 13. Qe1 Rb8 14. f5 Ne5 15. Qg3 Kh8 16. Nd4 Nc4 17. fxe6 Nxe3 18. Qxe3 Bxe6 19. Nxe6 fxe6 20. Kh1 d5 21. exd5 exd5 22. Bf3 Bc5 23. Qd3 d4 24. Ne4 Nxe4 25. Bxe4 h6 26. Qxa6 Qe5 27. Qd3 Bd6 28. g3 Rbe8 29. Rxf8+ Rxf8 30. Bg2 Rf2 31. Rf1 Qe2 32. Qxe2 Rxe2 33. Rf8+ Bxf8 34. Bf1 Rd2 35. Bd3 Bd6 36. b3 Rd1+ 37. Kg2 Ra1 38. Kf3 Bb4 39. Ke4 Bc3 40. Kd5 Kg8 41. Kc6 Ba5 42. Kb5 Kf7 43. Bc4+ Kf6 44. b4 Bxb4 45. Kxb4 Rb1+ 46. Bb3 Ke5 47. Kb5 d3 48. Kxb6 Rxb3+ 49. cxb3 d2 50. a5 d1=Q 51. a6 Qd5 52. Kc7 Qa8 53. Kb6 Kd5 54. a7 Qc6+ 55. Ka5 Kc5 56. b4+ Kc4 57. a8=Q Qb5# 0-1


[Site "https://www.chess.com"]

[Event "Titled Tuesday Blitz January 17 Early 2023"]
[White "Kaminski, Victor"]
[Black "Necula, Iulian"]
[WhiteFideId "1131630"]
[BlackFideId "1232380"]
[WhiteElo "2247"]
[BlackElo "1851"]
[Result "1-0"]
[Round "03"]
[TimeControl "180+2"]
[Date "2023.01.17"]
[WhiteClock "0:01:00"]
[BlackClock "0:00:31"]

1. e4 c5 2. Nf3 d6 3. Bb5+ Bd7 4. Bxd7+ Qxd7 5. c4 g6 6. d4 Bg7 7. Nc3 Nf6 8. O-O O-O 9. Be3 cxd4 10. Bxd4 Nc6 11. Be3 a6 12. h3 Rac8 13. Rc1 Rfd8 14. b3 Ne8 15. Nd5 Rb8 16. Bb6 Rdc8 17. Qe2 e6 18. Ne3 Nf6 19. Nc2 d5 20. exd5 exd5 21. c5 Re8 22. Qd3 h6 23. Ncd4 Re4 24. Ne2 Rbe8 25. Ng3 Nb4 26. Qd2 R4e6 27. Rfd1 Qc6 28. Qxb4 Ne4 29. Nd4 Qd7 30. Nxe6 Rxe6 31. Nxe4 Rxe4 32. Qxe4 1-0


[Site "https://www.chess.com"]

[Event "Titled Tuesday Blitz January 17 Early 2023"]
[White "Garic, Radomir"]
[Black "Liimatainen, Jero"]
[WhiteFideId "920959"]
[BlackFideId "509531"]
[WhiteElo "2219"]
[BlackElo "1948"]
[Result "1/2-1/2"]
[Round "03"]
[TimeControl "180+2"]
[Date "2023.01.17"]
[WhiteClock "0:00:57"]
[BlackClock "0:00:10"]

1. e4 c5 2. Nf3 d6 3. Bc4 Nf6 4. d3 Nc6 5. O-O e6 6. Bb3 Be7 7. c3 O-O 8. Re1 Rb8 9. Nbd2 b5 10. d4 cxd4 11. cxd4 Re8 12. Nf1 a5 13. a4 Nb4 14. axb5 Bd7 15. Ng3 Bxb5 16. Bg5 Qb6 17. h3 Nd3 18. Re3 Nxb2 19. Qb1 Nc4 20. Bxc4 Bxc4 21. Qxb6 Rxb6 22. Rxa5 h6 23. Bxf6 Bxf6 24. e5 Be7 25. Ne4 Bd5 26. exd6 Bxd6 27. Ne5 Bxe5 28. dxe5 Bxe4 29. Rxe4 Re7 30. Ra8+ Kh7 31. Rg4 Rb5 32. f4 Rb4 33. Kh2 h5 34. Rg5 g6 35. Kg3 Rc7 36. Ra3 Rcc4 37. Rf3 Kh6 38. h4 Re4 39. Rf1 Rb3+ 40. Kh2 Re2 41. Rg3 Rxg3 42. Kxg3 Kg7 43. Kf3 Rb2 44. Re1 Rb3+ 45. Kf2 f6 46. Re2 fxe5 47. Rxe5 Kf6 48. g3 Rd3 49. Re2 Kf5 50. Re5+ Kg4 51. Rg5+ Kh3 52. Rxg6 Rd2+ 53. Kf3 Rd3+ 54. Kf2 Rd2+ 55. Ke3 Rd1 56. Ke2 Rg1 57. Kf2 Rg2+ 58. Kf3 Rg1 59. Rg5 Rf1+ 60. Ke2 Rg1 61. Kf2 Rg2+ 62. Kf3 Rg1 63. Rg8 Rg2 64. Rg7 Rg1 65. Rg6 Re1 66. Rg5 Rf1+ 67. Ke2 Rg1 68. Kf2 Rg2+ 69. Kf3 Rg1 70. Re5 Rxg3+ 71. Ke4 Kxh4 72. Rxe6 Rg1 73. Rh6 Re1+ 74. Kf5 Rf1 75. Rh8 Kg3 76. Rg8+ Kf3 77. Rh8 Ke3 78. Re8+ Kf3 79. Kg5 Kg3 80. f5 h4 81. Re3+ Kg2 82. f6 h3 83. Re2+ Kg3 84. Re4 h2 85. Rg4+ Kh3 86. Rh4+ Kg2 87. Kg6 h1=Q 88. Rxh1 Kxh1 89. f7 Rxf7 90. Kxf7 1/2-1/2


[Site "https://www.chess.com"]

[Event "Titled Tuesday Blitz January 17 Early 2023"]
[White "Better_Chess_Faster"]
[Black "Xie, Bryan"]
[BlackFideId "30941296"]
[WhiteElo "2030"]
[BlackElo "2361"]
[Result "1-0"]
[Round "03"]
[TimeControl "180+2"]
[Date "2023.01.17"]
[WhiteClock "0:01:48"]
[BlackClock "0:00:01"]

1. d4 Nf6 2. c4 e6 3. g3 d5 4. Nf3 Be7 5. Bg2 O-O 6. O-O dxc4 7. Qc2 a6 8. a4 Bd7 9. Qxc4 Bc6 10. Bf4 Nbd7 11. Nc3 Bd6 12. Qd3 Bxf4 13. gxf4 Qe7 14. e3 Rfd8 15. Rad1 Nc5 16. Qc2 Nce4 17. Ne5 Nxc3 18. Nxc6 bxc6 19. Qxc3 Rab8 20. Rd2 Nd5 21. Qxc6 Qb4 22. Rc2 Rb6 23. Qc4 Qxc4 24. Rxc4 Rxb2 25. Bxd5 exd5 26. Rxc7 Ra2 27. Rfc1 Kf8 28. Rc8 Rxc8 29. Rxc8+ Ke7 30. Rc5 Rxa4 31. Rxd5 Ra2 32. Kg2 a5 33. Rb5 a4 34. Ra5 a3 35. Kf3 Ra1 36. h4 Kf6 37. Ra7 Ke6 38. e4 g6 39. d5+ Kd6 40. Ra6+ Kc5 41. d6 Rh1 42. e5 1-0


[Site "https://www.chess.com"]

[Event "Titled Tuesday Blitz January 17 Early 2023"]
[White "Matveeva, Olga"]
[Black "Vargas, Mauricio"]
[WhiteFideId "24107018"]
[BlackFideId "4404572"]
[WhiteElo "2128"]
[BlackElo "2035"]
[Result "1-0"]
[Round "03"]
[TimeControl "180+2"]
[Date "2023.01.17"]
[WhiteClock "0:00:47"]
[BlackClock "0:00:01"]

1. d4 d5 2. c4 c6 3. Nf3 e6 4. e3 Nf6 5. b3 Nbd7 6. Bd3 Bb4+ 7. Bd2 Bd6 8. Bc3 O-O 9. O-O Re8 10. Ne5 Ne4 11. Bxe4 dxe4 12. Qh5 Qe7 13. Nd2 f6 14. Nxd7 Bxd7 15. Nxe4 Bc7 16. Rad1 Rf8 17. Rfe1 Be8 18. Qh4 Bg6 19. Nc5 b6 20. Nd3 Bf5 21. e4 g5 22. Qh6 Bg6 23. d5 cxd5 24. exd5 e5 25. Nb4 Bd6 26. Nc6 Rfc8 27. Nxe7+ Bxe7 28. d6 Bf8 29. Qh3 Rd8 30. d7 Rab8 31. Qe6+ Bf7 32. Qxf6 Bg7 33. Qxg5 h6 34. Qg3 1-0


[Site "https://www.chess.com"]

[Event "Titled Tuesday Blitz January 17 Early 2023"]
[White "Mitrabha, Guha"]
[Black "Nakamura, Hikaru"]
[WhiteFideId "5057000"]
[BlackFideId "2016192"]
[WhiteElo "2507"]
[BlackElo "2775"]
[Result "0-1"]
[Round "04"]
[TimeControl "180+2"]
[Date "2023.01.17"]
[WhiteClock "0:00:05"]
[BlackClock "0:00:13"]

1. c4 e5 2. Nc3 Nf6 3. Nf3 Nc6 4. e4 Bb4 5. d3 d6 6. a3 Bc5 7. b4 Bb6 8. Be3 Bg4 9. Be2 O-O 10. O-O Bxf3 11. Bxf3 Bxe3 12. fxe3 Ne7 13. Be2 c6 14. d4 a5 15. c5 axb4 16. axb4 Rxa1 17. Qxa1 exd4 18. cxd6 dxc3 19. dxe7 Qxe7 20. Qxc3 Qxe4 21. Bf3 Qe7 22. Rb1 Re8 23. b5 c5 24. b6 h5 25. Rc1 c4 26. Kh1 Qxe3 27. Qxe3 Rxe3 28. Bxb7 Nd7 29. Bf3 Nxb6 30. Bxh5 c3 31. Kg1 Re5 32. Bf3 Rc5 33. Kf2 Na4 34. Ke3 Rc7 35. Kd4 g5 36. Bd1 Rd7+ 37. Ke3 Nb2 38. Be2 Re7+ 39. Kf2 Rc7 40. Ke3 Kg7 41. Bb5 Rc5 42. Be2 Rc7 43. Bb5 Kf6 44. Kd4 c2 45. Ke3 Nc4+ 46. Bxc4 Rxc4 47. Kd2 Rh4 48. h3 g4 49. Rh1 gxh3 50. gxh3 Rc4 51. Rc1 Kg5 52. Rxc2 Rxc2+ 53. Kxc2 Kh4 54. Kd3 Kxh3 0-1


[Site "https://www.chess.com"]

[Event "Titled Tuesday Blitz January 17 Early 2023"]
[White "Kovalenko, Igor"]
[Black "Artemiev, Vladislav"]
[WhiteFideId "14117908"]
[BlackFideId "24101605"]
[WhiteElo "2674"]
[BlackElo "2701"]
[Result "0-1"]
[Round "04"]
[TimeControl "180+2"]
[Date "2023.01.17"]
[WhiteClock "0:00:39"]
[BlackClock "0:00:04"]

1. c4 e5 2. Nc3 Nf6 3. Nf3 Nc6 4. g3 g6 5. Bg2 Bg7 6. O-O O-O 7. d3 d6 8. h3 Nd7 9. Rb1 Nc5 10. b4 Ne6 11. b5 Ne7 12. Ng5 h6 13. Nxe6 Bxe6 14. Kh2 Rb8 15. Nd5 f5 16. f4 Kh7 17. Qa4 Nxd5 18. cxd5 Bd7 19. Qc4 Qe7 20. e3 Rbc8 21. Bd2 h5 22. h4 exf4 23. exf4 Qe2 24. Bc3 Rf7 25. Rfe1 Qf2 26. Bxg7 Rxg7 27. d4 Qd2 28. Re2 Qa5 29. Qb4 Qxb4 30. Rxb4 Re8 31. Rc2 Bc8 32. Ra4 a6 33. bxa6 bxa6 34. Bf1 Re3 35. Rac4 Ree7 36. Rb4 Re3 37. Rb8 Bd7 38. Rxc7 Ba4 39. Rxg7+ Kxg7 40. Bxa6 Bc2 41. Rb6 Be4 42. Rxd6 Re1 43. g4 hxg4 44. Rd7+ Kh6 45. d6 Re3 0-1


[Site "https://www.chess.com"]

[Event "Titled Tuesday Blitz January 17 Early 2023"]
[White "Martinez Alcantara, Jose Eduardo"]
[Black "Shankland, Sam"]
[WhiteFideId "3805662"]
[BlackFideId "2004887"]
[WhiteElo "2619"]
[BlackElo "2711"]
[Result "1-0"]
[Round "04"]
[TimeControl "180+2"]
[Date "2023.01.17"]
[WhiteClock "0:00:32"]
[BlackClock "0:01:07"]

1. Nf3 d5 2. g3 g6 3. c4 dxc4 4. Na3 Bg7 5. Nxc4 Nc6 6. d3 e5 7. Be3 Nge7 8. Bg2 O-O 9. O-O h6 10. Rc1 Be6 11. a3 a5 12. Qc2 a4 13. Bd2 Nf5 14. Bc3 Nfd4 15. Bxd4 exd4 16. Ncd2 Na5 17. Qxc7 Ra6 18. Qxd8 Rxd8 19. Rc5 Bf8 20. Rb5 Ra7 21. Rc1 Nc6 22. Nc4 h5 23. Ng5 Bd7 24. Ne4 Kg7 25. Nc5 Bc8 26. Nb6 Bg4 27. Nbxa4 Bxe2 28. Re1 Bxd3 29. Nxd3 Rxa4 30. Rxb7 Rc4 31. Bxc6 Rxc6 32. Rxf7+ Kg8 33. Rf4 Bh6 34. Rfe4 Rc2 35. R4e2 Rdc8 36. Kf1 Kf7 37. f4 Bg7 38. Kf2 Bf6 39. Kf3 R2c7 40. h4 Rb8 41. Rc1 Rxc1 42. Nxc1 Be7 43. Nd3 Rb3 44. Ke4 Bf6 45. Rc2 Ke7 46. Rc7+ Kf8 47. Rc6 Kf7 48. a4 1-0


[Site "https://www.chess.com"]

[Event "Titled Tuesday Blitz January 17 Early 2023"]
[White "Sarana, Alexey"]
[Black "Bharath Subramaniyam H"]
[WhiteFideId "24133795"]
[BlackFideId "46634827"]
[WhiteElo "2685"]
[BlackElo "2517"]
[Result "1-0"]
[Round "04"]
[TimeControl "180+2"]
[Date "2023.01.17"]
[WhiteClock "0:00:08"]
[BlackClock "0:00:08"]

1. c4 e6 2. Nc3 d5 3. d4 Nf6 4. cxd5 exd5 5. Bf4 Be7 6. e3 O-O 7. Bd3 c6 8. Nf3 Bg4 9. Qb3 Qb6 10. Ne5 Be6 11. Qc2 Na6 12. a3 c5 13. O-O cxd4 14. Na4 Qa5 15. exd4 Rfc8 16. Qd1 Ne4 17. b4 Qd8 18. Nc5 Naxc5 19. dxc5 Bf6 20. Qf3 Bf5 21. Rad1 Qe7 22. Ng4 Bb2 23. Ne3 Be6 24. Bxe4 dxe4 25. Qxe4 Re8 26. Qb1 Qf6 27. Bg5 Qe5 28. Bf4 Qf6 29. Nd5 Bxd5 30. Rxd5 Bxa3 31. Be3 a5 32. bxa5 Qa6 33. Rfd1 h6 34. h3 Qc6 35. Rd6 Qc8 36. Qb5 Qc7 37. Rd7 Qxa5 38. Rxb7 Qxb5 39. Rxb5 Rec8 40. Rd3 Ra4 41. Kf1 Rca8 42. Ke2 Rc4 43. Rdb3 Bc1 44. Kd3 Raa4 45. Rc3 Rxc3+ 46. Kxc3 Bxe3 47. Rb8+ Kh7 48. fxe3 Kg6 49. Kb3 Re4 50. c6 Rxe3+ 51. Kc4 Re1 52. Kd5 Rd1+ 53. Ke5 Rc1 54. Kd6 Rd1+ 55. Ke7 Re1+ 56. Kd8 Rd1+ 57. Kc8 Kf6 58. c7 Ke7 59. Rb2 Rc1 60. Kb7 Kd7 61. Rd2+ Ke6 62. c8=Q+ Rxc8 63. Kxc8 f5 64. Re2+ Kd5 65. Kd7 g5 66. Ke7 f4 67. Kf6 h5 68. Kxg5 1-0


[Site "https://www.chess.com"]

[Event "Titled Tuesday Blitz January 17 Early 2023"]
[White "Babazada, Khazar"]
[Black "Deac, Bogdan-Daniel"]
[WhiteFideId "13413554"]
[BlackFideId "1226380"]
[WhiteElo "2474"]
[BlackElo "2700"]
[Result "1-0"]
[Round "04"]
[TimeControl "180+2"]
[Date "2023.01.17"]
[WhiteClock "0:00:15"]
[BlackClock "0:00:03"]

1. Nf3 d5 2. c4 e6 3. e3 Nf6 4. d4 a6 5. Nc3 dxc4 6. Bxc4 b5 7. Be2 Bb7 8. O-O Nbd7 9. Qc2 c5 10. dxc5 Bxc5 11. Rd1 Rc8 12. a3 Qc7 13. Bd2 Bd6 14. h3 O-O 15. Rac1 Qb8 16. Be1 Rfd8 17. Qb1 h6 18. Rd4 Ne5 19. Nxe5 Bxe5 20. Rxd8+ Rxd8 21. Rd1 Rc8 22. Qd3 Qa8 23. Bf1 Bc6 24. Na2 Bxb2 25. Nb4 Be4 26. Qb3 Be5 27. a4 a5 28. Nd3 b4 29. Nxe5 Bc2 30. Rd8+ Rxd8 31. Qxc2 Rc8 32. Bc4 Qb7 33. Qd3 Qc7 34. f4 Rd8 35. Qe2 Nd7 36. Bh4 Rc8 37. Ba6 Nxe5 38. fxe5 Rb8 39. Bd3 Qc1+ 40. Kh2 b3 41. Qf3 b2 42. Qe4 g6 43. Bb1 Qc3 44. Bf6 Qb4 45. Qd3 Qxa4 46. Qd6 Qe8 47. Qd4 a4 48. Qf4 Kh7 49. h4 a3 50. h5 a2 51. hxg6+ fxg6 52. Qc4 Qf7 53. Qxa2 h5 54. Qc4 Qd7 55. Qe4 Qf7 56. Qf3 Kg8 57. Qg3 Kf8 58. Bxg6 Qg8 59. Qg5 Qxg6 60. Qxg6 Rb7 61. Qh6+ Ke8 62. Qh8+ Kd7 63. Qh7+ Kc6 64. Qb1 Kc7 65. Be7 1-0


[Site "https://www.chess.com"]

[Event "Titled Tuesday Blitz January 17 Early 2023"]
[White "Gorodetzky, David"]
[Black "Paravyan, David"]
[WhiteFideId "2813416"]
[BlackFideId "4194985"]
[WhiteElo "2485"]
[BlackElo "2601"]
[Result "1/2-1/2"]
[Round "04"]
[TimeControl "180+2"]
[Date "2023.01.17"]
[WhiteClock "0:00:04"]
[BlackClock "0:00:02"]

1. d4 Nf6 2. c4 g6 3. Nc3 d5 4. e3 Bg7 5. cxd5 Nxd5 6. Bc4 Nxc3 7. bxc3 c5 8. Nf3 O-O 9. O-O Qc7 10. Qe2 Bg4 11. Bb3 Nd7 12. h3 Bxf3 13. Qxf3 b5 14. a4 b4 15. cxb4 cxd4 16. Bb2 dxe3 17. Bxg7 exf2+ 18. Rxf2 Kxg7 19. Re1 Nf6 20. Qe3 Rab8 21. b5 a6 22. Qxe7 Qxe7 23. Rxe7 axb5 24. a5 Ra8 25. Ra2 Ra6 26. Rb7 Ne4 27. Re7 Nc5 28. Bd5 b4 29. g4 b3 30. Rf2 Rf6 31. Rxf6 Kxf6 32. Rc7 b2 33. Ba2 Ne4 34. Rb7 Ra8 35. Rxf7+ Kg5 36. Rb7 Rxa5 37. Rxb2 Kh4 38. Kh2 Ra3 39. Bg8 Rxh3+ 40. Kg2 Rg3+ 41. Kh1 Ng5 42. Rh2+ Nh3 43. Re2 h6 44. Kh2 Rxg4 45. Be6 Nf4 46. Bxg4 Kxg4 47. Re3 h5 48. Rg3+ Kf5 49. Ra3 g5 50. Kg3 h4+ 51. Kf2 Kg4 52. Rb3 h3 53. Rg3+ Kh4 54. Rg1 h2 55. Rh1 Kh3 56. Kf3 Nh5 57. Rxh2+ Kxh2 58. Kg4 Ng3 59. Kxg5 1/2-1/2


[Site "https://www.chess.com"]

[Event "Titled Tuesday Blitz January 17 Early 2023"]
[White "Bluebaum, Matthias"]
[Black "Maximov, Dmitry"]
[WhiteFideId "24651516"]
[BlackFideId "14105659"]
[WhiteElo "2669"]
[BlackElo "2497"]
[Result "1-0"]
[Round "04"]
[TimeControl "180+2"]
[Date "2023.01.17"]
[WhiteClock "0:01:28"]
[BlackClock "0:00:20"]

1. d4 Nf6 2. c4 g6 3. Nc3 Bg7 4. e4 O-O 5. Nf3 d6 6. Be2 e5 7. Be3 Nc6 8. d5 Ne7 9. Nd2 Nd7 10. b4 f5 11. f3 f4 12. Bf2 Nf6 13. c5 g5 14. Nc4 Ng6 15. cxd6 cxd6 16. Nb5 Ne8 17. Nxa7 Bd7 18. Nb6 g4 19. fxg4 Nf6 20. Bf3 Rxa7 21. Nxd7 Nxd7 22. Bxa7 b6 23. Rc1 Qh4+ 24. Ke2 Ra8 25. Rc7 Qd8 26. Qc2 Nc5 27. Bxb6 Nd7 28. Ba5 Ngf8 29. Ra7 Qb8 30. Rxa8 Qxa8 31. Qc7 Qa6+ 32. Kd2 Bf6 33. Rc1 Bh4 34. Be2 Qa8 35. Bb5 Nf6 36. Kd3 Nxd5 37. Qc4 Qa7 38. Qxd5+ Kh8 39. Rc8 Qe3+ 40. Kc2 Qf2+ 41. Qd2 1-0


[Site "https://www.chess.com"]

[Event "Titled Tuesday Blitz January 17 Early 2023"]
[White "Eljanov, Pavel"]
[Black "Pultinevicius, Paulius"]
[WhiteFideId "14102951"]
[BlackFideId "12809390"]
[WhiteElo "2705"]
[BlackElo "2537"]
[Result "0-1"]
[Round "04"]
[TimeControl "180+2"]
[Date "2023.01.17"]
[WhiteClock "0:00:01"]
[BlackClock "0:00:04"]

1. c4 e6 2. g3 d5 3. Bg2 Nf6 4. Nf3 dxc4 5. Qa4+ Nbd7 6. Qxc4 a6 7. Qb3 c5 8. d3 Bd6 9. a4 O-O 10. Nbd2 b6 11. Nd4 Nd5 12. Nxe6 fxe6 13. Bxd5 exd5 14. Qxd5+ Kh8 15. Ne4 Be5 16. Qxa8 Qc7 17. Qd5 Bb7 18. Qc4 Bd4 19. Bf4 Qc6 20. e3 Bxb2 21. Rb1 Bf6 22. O-O Be7 23. h4 h6 24. f3 Qg6 25. Kf2 Qf5 26. Rh1 Bc6 27. Qc2 b5 28. axb5 axb5 29. g4 Qe6 30. h5 Ne5 31. Bxe5 Qxe5 32. Kg2 Qe6 33. Qb3 c4 34. Qc2 cxd3 35. Qxd3 b4 36. Rhf1 Qa2+ 37. Rf2 Qe6 38. Rc1 Bd5 39. Qd4 Bh4 40. Rff1 Rd8 41. Rcd1 Kh7 42. Qd3 Kh8 43. Qd4 b3 44. Rd2 Rd7 45. Qb4 Kh7 46. Rfd1 Bc6 47. Rxd7 Bxd7 48. Nc5 Qxe3 49. Qe4+ Qxe4 50. Nxe4 Be6 51. Rd6 Bc4 52. Rb6 Bd5 53. Rb5 Bc4 54. Rb7 Bd5 55. Rb5 Bc4 56. Rb4 Bd5 57. Nd2 Be1 58. Rd4 Bf7 59. Nb1 Ba5 60. Rd7 Be6 61. Ra7 Be1 62. Kf1 Bb4 63. Rb7 Bc4+ 64. Kf2 Bd6 65. Nd2 Bd5 0-1


[Site "https://www.chess.com"]

[Event "Titled Tuesday Blitz January 17 Early 2023"]
[White "Seo, Jung Min"]
[Black "Bortnyk, Olexandr"]
[WhiteFideId "1734687"]
[BlackFideId "14120828"]
[WhiteElo "2494"]
[BlackElo "2605"]
[Result "0-1"]
[Round "04"]
[TimeControl "180+2"]
[Date "2023.01.17"]
[WhiteClock "0:00:58"]
[BlackClock "0:01:46"]

1. e4 Nf6 2. Nc3 d5 3. e5 Nfd7 4. d4 c5 5. f4 cxd4 6. Nce2 Nc6 7. Nxd4 Nc5 8. Ngf3 Bg4 9. Be2 e6 10. O-O Ne4 11. Be3 Bc5 12. c3 O-O 13. h3 Bxf3 14. Bxf3 Ng3 15. Re1 Nxd4 16. cxd4 Bb4 17. Bd2 Qa5 18. Bxb4 Qxb4 19. Qd3 Rfc8 20. a3 Qxb2 21. Reb1 Rc3 22. Qd1 Qc2 23. Qxc2 Rxc2 24. Rxb7 g6 25. Rab1 Nf5 26. R7b4 a5 27. Ra4 Rd2 28. Rd1 Rxd1+ 29. Bxd1 Ne7 30. g4 Nc8 0-1


[Site "https://www.chess.com"]

[Event "Titled Tuesday Blitz January 17 Early 2023"]
[White "Korobov, Anton"]
[Black "Samunenkov, Ihor"]
[WhiteFideId "14105730"]
[BlackFideId "14187086"]
[WhiteElo "2664"]
[BlackElo "2501"]
[Result "0-1"]
[Round "04"]
[TimeControl "180+2"]
[Date "2023.01.17"]
[WhiteClock "0:00:01"]
[BlackClock "0:00:03"]

1. c4 c5 2. Nf3 Nf6 3. Nc3 Nc6 4. g3 d5 5. cxd5 Nxd5 6. Bg2 g6 7. h4 h5 8. Ng5 e6 9. O-O Bg7 10. Nxd5 exd5 11. Qb3 Nd4 12. Qxd5 Nxe2+ 13. Kh2 O-O 14. Re1 Nxc1 15. Raxc1 Bd4 16. f4 Bf5 17. b3 Rb8 18. Re2 b6 19. Rce1 Bf6 20. Ne4 Be7 21. Nc3 Bf6 22. Qc4 Qd7 23. Nd5 Qd6 24. Re5 Bxe5 25. fxe5 Qd8 26. Qf4 Kg7 27. Nf6 Qd4 28. Nxh5+ gxh5 29. Qxf5 Qg4 30. Qf6+ Kg8 31. Rf1 Qg6 32. Qe7 Rbe8 33. Qc7 Rc8 34. Qxa7 Rcd8 35. Rf6 Qg7 36. Rf5 f6 0-1


[Site "https://www.chess.com"]

[Event "Titled Tuesday Blitz January 17 Early 2023"]
[White "Bernadskiy, Vitaliy"]
[Black "Lu, Shanglei"]
[WhiteFideId "14100371"]
[BlackFideId "8603332"]
[WhiteElo "2592"]
[BlackElo "2596"]
[Result "1-0"]
[Round "04"]
[TimeControl "180+2"]
[Date "2023.01.17"]
[WhiteClock "0:00:04"]
[BlackClock "0:00:04"]

1. e4 c5 2. Nf3 d6 3. Nc3 Nf6 4. e5 dxe5 5. Nxe5 a6 6. g3 Nbd7 7. d4 e6 8. Bg2 cxd4 9. Nxd7 Qxd7 10. Ne2 Bc5 11. Bg5 h6 12. Bxf6 gxf6 13. O-O O-O 14. Nf4 e5 15. Nd5 Kg7 16. f4 Qg4 17. Bf3 Qg6 18. Bh5 Qe4 19. Bf3 d3+ 20. Kg2 dxc2 21. Qd2 Qg6 22. Rae1 Be6 23. fxe5 Rad8 24. exf6+ Qxf6 25. Qxc2 Rxd5 26. Bxd5 Bxd5+ 27. Kh3 Qg5 28. Rf5 Qg6 29. Qc3+ Kg8 30. Rxd5 b6 31. Qd3 Qf6 32. Rf1 Qxb2 33. Qe4 Qxa2 34. Rdf5 Qe6 35. Qg4+ Kh8 36. Rf6 Qxg4+ 37. Kxg4 Kg7 38. Kh5 a5 39. R6f5 a4 40. R5f4 a3 41. Rg4+ Kh7 42. Rf6 Be3 43. Ra4 Bc5 44. Rxh6+ 1-0


[Site "https://www.chess.com"]

[Event "Titled Tuesday Blitz January 17 Early 2023"]
[White "Urazayev, Arystanbek"]
[Black "Lazavik, Denis"]
[WhiteFideId "13709810"]
[BlackFideId "13515110"]
[WhiteElo "2460"]
[BlackElo "2544"]
[Result "1/2-1/2"]
[Round "04"]
[TimeControl "180+2"]
[Date "2023.01.17"]
[WhiteClock "0:00:19"]
[BlackClock "0:00:07"]

1. d4 Nf6 2. c4 e6 3. Nf3 b6 4. g3 Ba6 5. Qc2 Bb7 6. Bg2 c5 7. d5 exd5 8. cxd5 Nxd5 9. O-O Be7 10. Rd1 Nc6 11. Qf5 Nf6 12. e4 g6 13. Qf4 O-O 14. e5 Nh5 15. Qc4 Re8 16. Nc3 Rc8 17. Bh6 Ng7 18. Nd5 Na5 19. Qf4 Bxd5 20. Rxd5 Nf5 21. Rad1 Rc7 22. Bh3 Nxh6 23. Rxd7 Qb8 24. Qxh6 Rd8 25. Rxd8+ Bxd8 26. Ng5 Bxg5 27. Qxg5 Nc6 28. e6 Nd4 29. Qf6 Qe8 30. Re1 Qe7 31. exf7+ Qxf7 32. Qd8+ Kg7 33. Bg2 Rd7 34. Qb8 Re7 35. Re5 Rxe5 36. Qxe5+ Qf6 37. Qc7+ Qf7 38. Qe5+ Qf6 39. Qc7+ Qf7 40. Qe5+ 1/2-1/2


[Site "https://www.chess.com"]

[Event "Titled Tuesday Blitz January 17 Early 2023"]
[White "Rakhmanov, Aleksandr"]
[Black "Puranik, Abhimanyu"]
[WhiteFideId "4173708"]
[BlackFideId "5061245"]
[WhiteElo "2632"]
[BlackElo "2613"]
[Result "0-1"]
[Round "04"]
[TimeControl "180+2"]
[Date "2023.01.17"]
[WhiteClock "0:00:02"]
[BlackClock "0:00:04"]

1. d4 Nf6 2. c4 g6 3. Nc3 d5 4. cxd5 Nxd5 5. Nf3 Bg7 6. Qa4+ Nc6 7. e4 Nb6 8. Qc2 Bg4 9. d5 Na5 10. Be2 c6 11. O-O cxd5 12. exd5 O-O 13. Rd1 Rc8 14. Qe4 Bxf3 15. Qxf3 Nac4 16. Rb1 Qd7 17. Ne4 Nd6 18. Bg5 Nbc4 19. b3 Ne5 20. Qe3 Rfe8 21. Bf4 Qf5 22. Ng3 Qf6 23. Bg5 Nf5 24. Bxf6 Nxe3 25. Bxg7 Nxd1 26. Bxe5 Nc3 27. Bxc3 Rxc3 28. a4 Rd8 29. Bc4 a6 30. h3 Kg7 31. Re1 Kf8 32. a5 Rc2 33. Ne4 Rc8 34. d6 exd6 35. Nxd6 Rc7 36. Re8+ Kg7 37. Rb8 Rd7 38. Nxb7 Rdd2 39. Nc5 Rxf2 40. Rb7 Rxg2+ 41. Kf1 Rgf2+ 42. Kg1 Rf5 43. Ne6+ Kh6 44. Nd4 Rc1+ 45. Kg2 Rxa5 46. Rxf7 Ra2+ 47. Kg3 Rg1+ 48. Kf4 Rf2+ 49. Nf3 Rc1 50. Ke3 Rcc2 51. Ke4 Rc3 52. h4 a5 53. Ng5 Rxf7 54. Nxf7+ Kg7 55. Nd6 Rh3 56. Nb7 Rxh4+ 57. Kd3 Rh5 58. Kd4 Rg5 59. Bd5 h5 60. Nxa5 h4 61. Nc4 h3 62. Ba8 h2 63. Ne5 Rg1 64. b4 h1=Q 65. Bxh1 Rxh1 66. b5 Rb1 67. Kc5 g5 68. b6 Kf6 69. Nd7+ Kf5 70. Kc6 g4 71. b7 Rxb7 72. Kxb7 g3 73. Nc5 g2 74. Nd3 g1=Q 0-1


[Site "https://www.chess.com"]